 Dungeon Crawl Stone Soup version 0.27-a0-1232-gc6a4cbde82 (webtiles) character file.

Game seed: 11277974752731411469

68178 freelancePsychic the Champion of Chaos (level 15, -7/136 HPs)
             Began as a Ghoul Monk on June 8, 2021.
             Was the Champion of Makhleb.
             Hit by a javelin thrown by a minotaur (17 damage)
             ... in a Gauntlet.
             The game lasted 00:43:40 (19983 turns).

freelancePsychic the Champion of Chaos (GhMo)      Turns: 19983, Time: 00:43:41

Health: -7/136     AC: 24    Str: 26      XL:     15   Next: 25%
Magic:  0/24       EV: 14    Int:  7 (8)  God:    Makhleb [******]
Gold:   2111       SH:  0    Dex: 17      Spells: 14/14 levels left

rFire    . . .     SeeInvis .   a - +9 great sword of Zaetz {speed, Int+3}
rCold    + + .     Faith    .   (shield currently unavailable)
rNeg     + + +     Spirit   .   o - +4 plate armour {rC+}
rPois    ∞         Reflect  .   j - +2 hat {Will+}
rElec    +         Harm     .   e - scarf {repulsion}
rCorr    +         Rampage  .   v - +1 pair of gloves
Will     ++...     NoTele   +   N - +0 pair of boots "Uthow" {rElec rCorr}
Stlth    ..........             (no amulet)
HPRegen  0.00/turn              t - ring "Qiam" {Str+6 Dex+4}
MPRegen  0.19/turn              F - +4 ring of evasion

@: repel missiles
A: claws 1, cold resistance 1, negative energy resistance 3, inhibited
regeneration, torment resistance 2
a: Renounce Religion, Minor Destruction, Lesser Servant of Makhleb, Major
Destruction, Greater Servant of Makhleb


You were in a Gauntlet.
You worshipped Makhleb.
Makhleb was exalted by your worship.
You visited 3 branches of the dungeon, and saw 20 of its levels.
You also visited: Bailey and Gauntlet.

You collected 2375 gold pieces.
You spent 264 gold pieces at shops.

Inventory:

Hand Weapons
 a - the +9 great sword of Zaetz (weapon) {speed, Int+3}
   (You bought it in a shop on level 3 of the Dungeon)

   Attacks with this weapon are significantly faster.
   It affects your intelligence (+3).
 b - a +1 scimitar of flaming
Missiles
 y - 2 curare-tipped darts
 G - 6 throwing nets
 O - 5 atropa-tipped darts
Armour
 e - a scarf of repulsion (worn)
 j - a +2 hat of willpower (worn)
 o - a +4 plate armour of cold resistance (worn)
 v - a +1 pair of gloves (worn)
 N - the +0 pair of boots "Uthow" (worn) {rElec rCorr}
   (You found it in a Gauntlet)

   It insulates you from electricity.
   It protects you from acid and corrosion.
Jewellery
 d - a ring of resist corrosion
 g - a ring of see invisible
 h - a ring of ice
 l - a ring of wizardry
 m - a +6 ring of strength
 n - a +4 ring of protection
 t - the ring "Qiam" (left hand) {Str+6 Dex+4}
   (You found it in a Gauntlet)

   [ring of strength]

   It affects your strength (+6).
   It affects your dexterity (+4).
 u - a ring of protection from cold
 w - a +6 ring of intelligence
 F - a +4 ring of evasion (right hand)
 M - a ring of protection from cold
Wands
 k - a wand of mindburst (17)
 x - a wand of digging (7)
 B - a wand of iceblast (9)
 Q - a wand of paralysis (10)
 U - a wand of charming (17)
Scrolls
 i - 8 scrolls of teleportation {@r4}
 q - 3 scrolls of fog
 A - 3 scrolls of blinking
 E - 4 scrolls of enchant armour
 J - 4 scrolls of enchant weapon
 K - a scroll of fear
 L - a scroll of vulnerability
 S - a scroll of immolation
Potions
 c - 3 potions of might
 f - 7 potions of curing {@q1}
 p - 4 potions of brilliance
 r - 4 potions of invisibility {unknown}
 s - 8 potions of haste {@q3}
 z - 6 potions of attraction
 C - 2 potions of degeneration {unknown}
 D - 3 potions of flight
 H - 2 potions of mutation {unknown}
 I - a potion of ambrosia {unknown}
 R - a potion of magic {unknown}
 T - a potion of resistance {unknown}
Miscellaneous
 P - a tin of tremorstones (2/2)


   Skills:
 - Level 13.6 Fighting
 + Level 13.6 Long Blades
 - Level 9.8 Armour
 + Level 6.2 Dodging
 - Level 3.1 Stealth
 * Level 14.6 Invocations


You had 14 spell levels left.
You didn't know any spells.
Your spell library contained the following spells:

 Spells                   Type           Power      Damage    Failure   Level
 Animate Skeleton         Necr           0%         N/A       99%         1
 Apportation              Tloc           0%         N/A       99%         1
 Corona                   Hex            0%         N/A       99%         1
 Summon Small Mammal      Summ           0%         N/A       99%         1
 Corpse Rot               Necr/Air       N/A        N/A       100%        2
 Ensorcelled Hibernation  Hex/Ice        0%         N/A       100%        2
 Confusing Touch          Hex            0%         N/A       100%        3
 Dazzling Flash           Conj/Hex       0%         N/A       100%        3
 Ignite Poison            Fire/Tmut/Pois 0%         N/A       100%        3
 Lesser Beckoning         Tloc           0%         N/A       100%        3
 Tukima's Dance           Hex            0%         N/A       100%        3
 Vampiric Draining        Necr           0%         2d6       100%        3
 Airstrike                Air            0%         N/A       100%        4
 Cause Fear               Hex            0%         N/A       100%        4
 Olgreb's Toxic Radiance  Pois           0%         N/A       100%        4
 Petrify                  Tmut/Erth      0%         N/A       100%        4
 Summon Lightning Spire   Summ/Air       0%         N/A       100%        4
 Agony                    Necr           0%         N/A       100%        5
 Alistair's Intoxication  Tmut/Pois      0%         N/A       100%        5
 Bolt of Magma            Conj/Fire/Erth 0%         4d4       100%        5
 Excruciating Wounds      Necr           0%         N/A       100%        5
 Irradiate                Conj/Tmut      0%         3d13      100%        5
 Iskenderun's Battlesphe  Conj           0%         2d6       100%        5
 Conjure Ball Lightning   Conj/Air       0%         3x3d6     100%        6
 Eringya's Noxious Bog    Tmut/Pois      0%         N/A       100%        6
 Invisibility             Hex            0%         N/A       100%        6
 Iron Shot                Conj/Erth      0%         9d1       100%        6
 Orb of Destruction       Conj           0%         N/A       100%        7
 Spellforged Servitor     Conj/Summ      0%         N/A       100%        7
 Sublimation of Blood     Necr           Unusable   N/A       N/A         2

Dungeon Overview and Level Annotations

Branches:
Dungeon (12/15)            Temple (0/1) D:4            Lair (6/6) D:8
  Swamp (0/4) Lair:3       Spider (0/4) Lair:4        Slime (0/5) Lair:5
    Orc (2/2) D:11            Elf (0/3) Orc:2        Bailey (visited)
Gauntlet (1/1)

Altars:
Cheibriados
Makhleb
Qazlal
Ru
Trog
Uskayaw
Vehumet
Xom
Yredelemnul
Zin
Beogh

Shops:
D:3 (   D:5 *   D:7 (

Annotations:
D:4 Blork the orc
D:7 3 runed translucent doors, bilbop's ghost, novice TrBe Gauntlet 6 transporters


Innate Abilities, Weirdness & Mutations

You thrive by killing the living.
You are immune to poison.
You have sharp fingernails.
Your flesh is cold resistant. (rC+)
You are immune to negative energy. (rN+++)
You do not regenerate when monsters are visible.
You are immune to unholy pain and torment.


Message History

The minotaur closely misses your smoke demon.
Your smoke demon gestures at the minotaur.
The ball of steam hits the minotaur.
The minotaur resists.
The minotaur hits your smoke demon but does no damage.
The minotaur barely misses your smoke demon.
Your smoke demon gestures at the minotaur.
The sticky flame hits the minotaur but does no damage.
The minotaur is covered in liquid flames!
The minotaur hits your smoke demon with the +5 rapier of Eternal Night {antimagic, Drain *Slow rF++ rN+ SInv}!!
Your smoke demon's magic leaks into the air.
The minotaur barely misses your smoke demon.
Your smoke demon hits the minotaur.
Your smoke demon closely misses the minotaur.
Your smoke demon hits the minotaur.
The minotaur hits your smoke demon with the +5 rapier of Eternal Night {antimagic, Drain *Slow rF++ rN+ SInv}!!
Your smoke demon dies!
The minotaur bellows!
The minotaur burns!
The minotaur throws a javelin.
The javelin misses you.
The minotaur hits you but does no damage.
The minotaur gores you!
There is an open door here.
You slice the minotaur!!
The minotaur is almost dead.
You hit the minotaur.
The minotaur is almost dead.
The minotaur burns!
The minotaur hits you with the +5 rapier of Eternal Night {antimagic, Drain *Slow rF++ rN+ SInv}!
* * * LOW HITPOINT WARNING * * *
You feel your power leaking away. The minotaur gores you.
* * * LOW HITPOINT WARNING * * *
A demon appears!
The minotaur burns!
The minotaur stops burning.
The minotaur hits you with the +5 rapier of Eternal Night {antimagic, Drain *Slow rF++ rN+ SInv}!
* * * LOW HITPOINT WARNING * * *
You feel your power leaking away. The minotaur gores you.
* * * LOW HITPOINT WARNING * * *
Okay, then.
The minotaur throws a javelin.
The javelin pierces through you!
You die...

###############################
#8# #≈...............≈# #8# ###
#8§8.8..©.©..8.8§8# ###
#§§..............§#
#####.###.###.#####
###.###.###.# #............
#.###.###3###.# #.....@.......#
#######'####### #H# #.∩..#
#...⌠+ +⌠...# #..⌠.# ###+##


You could see a minotaur (ally target) and a friendly smoke demon (summoned).

Vanquished Creatures
  The ghost of Isouggaj the Gelid, a journeyman BaIE of Vehumet (Lair:5)
  Snorg (Lair:2)
  Fannar (D:8)
  A boulder beetle (D:11)
  7 hydras
  Harold (D:11)
  A catoblepas (Lair:6)
  Erica (D:8)
  A centaur warrior (D:11)
  14 death yaks
  An orc high priest (Orc:1)
  4 two-headed ogres
  2 bog bodies (Lair:3)
  An orange crystal statue (Gauntlet)
  A lindwurm (Lair:6)
  An orc knight (Orc:1)
  A cyclops (D:11)
  4 black mambas
  Maurice (D:8)
  Joseph (D:8)
  A smoke demon (Gauntlet)
  10 cane toads
  17 elephants
  A gargoyle (D:11)
  5 rime drakes
  6 komodo dragons
  2 trolls
  11 polar bears
  A red devil (Gauntlet)
  8 dream sheep
  4 blink frogs
  13 slime creatures
  3 wyverns
  42 yaks
  3 shadows
  3 wraiths
  4 basilisks
  3 steam dragons
  A chaos spawn (Gauntlet)
  A neqoxec (Gauntlet)
  Menkaure (D:3)
  15 water moccasins
  A swamp worm (Lair:3)
  9 black bears
  An ice beast (D:6)
  21 orc warriors
  A hornet zombie (D:9)
  A sky beast (D:6)
  22 wolves
  6 ogres
  4 centaurs
  A kobold brigand (D:8)
  10 bullfrogs
  2 scorpions
  5 killer bees
  A howler monkey (D:9)
  13 wights (D:7)
  2 electric eels
  A bullfrog zombie (D:6)
  7 crimson imps
  6 centaur zombies
  2 bullfrog skeletons
  16 orc priests
  3 hounds
  2 jellies
  A centaur skeleton (D:4)
  3 iguanas
  11 orc wizards
  4 hell rats (Lair:6)
  A killer bee zombie (D:4)
  A hound skeleton (D:4)
  A howler monkey zombie (D:10)
  16 gnolls
  6 adders
  2 white imps
  An ufetubus (D:4)
  2 worms (D:2)
  5 dart slugs
  81 orcs
  3 ball pythons
  4 bats
  4 endoplasms
  2 giant cockroaches (D:1)
  16 goblins
  23 hobgoblins
  5 jackals
  11 kobolds
  5 quokkas
  9 frilled lizards
  8 rats
563 creatures vanquished.

Vanquished Creatures (collateral kills)
  The ghost of Helyuxif the Fighter, a journeyman OpIE of Qazlal (Lair:5)
  A catoblepas (Lair:6)
  A deep troll shaman (Lair:6)
  A death yak (Lair:6)
  Urug (D:11)
  2 blink frogs (Lair:6)
  A shadow (D:11)
  A yak (Lair:6)
  2 orc warriors (Bailey)
  2 kobold brigands (D:8)
  4 killer bees
  A gnoll (Bailey)
  3 hobgoblins (Bailey)
  A kobold (D:8)
22 creatures vanquished.

Vanquished Creatures (others)
  2 bushes (Lair:6)
  35 fungi
  30 plants
  A withered plant (Lair:5)
68 creatures vanquished.

Grand Total: 653 creatures vanquished

Notes
Turn   | Place    | Note
-------+----------+-------------------------------------------
     0 | D:1      | freelancePsychic the Ghoul Monk began the quest for the
                  | Orb.
     0 | D:1      | Reached XP level 1. HP: 19/19 MP: 0/0
   118 | D:1      | Reached XP level 2. HP: 23/26 MP: 1/1
   467 | D:1      | You fall into a shaft and drop 1 floor!
   621 | D:2      | Reached XP level 3. HP: 21/31 MP: 2/2
  1412 | D:2      | Reached XP level 4. HP: 33/38 MP: 3/3
  1761 | D:2      | Found a faded altar of an unknown god.
  1765 | D:2      | Became a worshipper of Makhleb the Destroyer
  1765 | D:2      | Reached * piety under Makhleb
  1765 | D:2      | Reached ** piety under Makhleb
  1947 | D:3      | Reached *** piety under Makhleb
  1953 | D:3      | Reached skill level 1 in Invocations
  2271 | D:3      | Reached XP level 5. HP: 45/45 MP: 4/4
  2295 | D:3      | Found a sacrificial altar of Ru.
  2383 | D:3      | Found Veolixucre's Antique Weapon Shop.
  2997 | D:4      | Reached skill level 2 in Invocations
  3010 | D:4      | Reached XP level 6. HP: 35/51 MP: 6/6
  3015 | D:4      | Reached skill level 5 in Long Blades
  3235 | D:4      | Noticed Blork the orc
  3256 | D:4      | Noticed Menkaure
  3280 | D:3      | Killed Menkaure
  3281 | D:3      | Reached skill level 3 in Invocations
  3495 | D:4      | Reached XP level 7. HP: 52/57 MP: 8/8
  3553 | D:4      | Reached **** piety under Makhleb
  3772 | D:4      | Found a staircase to the Ecumenical Temple.
  3918 | D:5      | Entered Level 5 of the Dungeon
  3927 | D:5      | Identified a scroll of acquirement
  3928 | D:5      | Acquired a +4 plate armour of cold resistance
  4149 | D:5      | Found Dezxuni's Assorted Antiques.
  4572 | D:5      | Reached skill level 4 in Invocations
  5174 | D:3      | Bought a bloodstained great sword for 264 gold pieces
  5174 | D:3      | Identified the +9 great sword of Zaetz {speed, Int+3} (You
                  | bought it in a shop on level 3 of the Dungeon)
  5263 | D:6      | Noticed a steam dragon
  5270 | D:6      | Killed a steam dragon
  5271 | D:6      | Reached XP level 8. HP: 63/63 MP: 10/10
  5422 | D:6      | Reached skill level 5 in Invocations
  5527 | D:6      | Found a hide-covered altar of Uskayaw.
  5534 | D:6      | Found a basalt altar of Yredelemnul.
  5688 | D:6      | Reached skill level 6 in Invocations
  5902 | D:6      | Reached skill level 1 in Armour
  6021 | D:7      | Reached XP level 9. HP: 63/71 MP: 12/12
  6062 | D:7      | Reached skill level 5 in Fighting
  6090 | D:7      | Reached skill level 7 in Invocations
  6104 | D:7      | Found a runed translucent gate.
  6104 | D:7      | Found a runed translucent gate.
  6106 | D:7      | Found a runed translucent gate.
  6262 | D:7      | Reached ***** piety under Makhleb
  6402 | D:7      | Found a radiant altar of Vehumet.
  6430 | D:7      | Noticed bilbop's ghost (novice TrBe)
  6438 | D:7      | Noticed a kobold demonologist
  6498 | D:7      | Found Taus's Hydra Hut.
  6500 | D:7      | Noticed an eight-headed hydra
  6621 | D:7      | Found a bloodstained altar of Trog.
  6689 | D:8      | Reached skill level 8 in Invocations
  6716 | D:8      | Found a flagged portal.
  6731 | Bailey   | Entered a bailey
  6836 | Bailey   | Reached XP level 10. HP: 72/84 MP: 15/15
  6896 | Bailey   | Noticed an orc warlord
  6896 | Bailey   | Noticed an orc knight
  6896 | Bailey   | Noticed an orc knight
  6958 | Bailey   | Noticed a blizzard demon
  7249 | D:8      | Noticed Joseph
  7257 | D:8      | Killed Joseph
  7258 | D:8      | Reached skill level 5 in Armour
  7380 | D:8      | Noticed a two-headed ogre
  7387 | D:8      | Killed a two-headed ogre
  7547 | D:8      | Found a staircase to the Lair.
  7853 | D:8      | Noticed Erica
  7860 | D:8      | Killed Erica
  7919 | D:8      | Noticed Maurice
  7930 | D:8      | Killed Maurice
  8669 | D:9      | Reached XP level 11. HP: 95/95 MP: 16/16
  9031 | D:10     | Entered Level 10 of the Dungeon
  9166 | D:10     | Found a snail-covered altar of Cheibriados.
  9291 | D:10     | Noticed a two-headed ogre
  9297 | D:10     | Killed a two-headed ogre
  9573 | D:11     | Noticed Urug
  9745 | D:11     | Killed Urug
  9746 | D:11     | Reached skill level 10 in Long Blades
 10002 | D:11     | Noticed a two-headed ogre
 10010 | D:11     | Killed a two-headed ogre
 10052 | D:11     | Noticed a cyclops
 10061 | D:11     | Reached skill level 10 in Fighting
 10069 | D:11     | Killed a cyclops
 10078 | D:11     | Noticed a centaur warrior
 10082 | D:11     | Noticed Harold
 10106 | D:11     | Noticed a boulder beetle
 10124 | D:11     | Killed a boulder beetle
 10230 | D:11     | Killed Harold
 10238 | D:11     | Killed a centaur warrior
 10272 | D:11     | Reached XP level 12. HP: 100/108 MP: 17/17
 10312 | D:11     | Noticed a six-headed hydra
 10327 | D:11     | Killed a one-headed hydra
 10401 | D:11     | Found a staircase to the Orcish Mines.
 10516 | D:11     | Found a shimmering altar of Xom.
 11236 | Lair:1   | Entered Level 1 of the Lair of Beasts
 11363 | Lair:1   | Noticed Fannar
 11387 | D:8      | Killed Fannar
 11388 | D:8      | Acquired 697 gold pieces
 12685 | Lair:2   | Reached XP level 13. HP: 118/118 MP: 18/18
 12715 | Lair:2   | Reached skill level 9 in Invocations
 13659 | Lair:2   | Reached skill level 10 in Invocations
 13704 | Lair:3   | Noticed Snorg
 13717 | Lair:2   | Killed Snorg
 14097 | Lair:3   | Reached ****** piety under Makhleb
 14393 | Lair:3   | Reached skill level 11 in Invocations
 14428 | Lair:3   | Found a staircase to the Swamp.
 14946 | Lair:4   | Found a hole to the Spider Nest.
 15293 | Lair:4   | Found a stormy altar of Qazlal.
 15349 | Lair:4   | Reached XP level 14. HP: 128/129 MP: 21/21
 15381 | Lair:4   | Reached skill level 12 in Invocations
 16434 | Lair:5   | Identified the +0 kite shield of the Moon {Harm *Slow Will+
                  | Int+6}
 16660 | Lair:5   | Found a staircase to the Slime Pits.
 16984 | Lair:5   | Found a runed translucent gate.
 16985 | Lair:5   | Found a runed translucent gate.
 16985 | Lair:5   | Found a runed translucent gate.
 16986 | Lair:5   | Noticed Isouggaj's ghost (journeyman BaIE)
 16987 | Lair:5   | Noticed Helyuxif's ghost (journeyman OpIE)
 17007 | Lair:5   | Killed Helyuxif's ghost
 17008 | Lair:5   | Reached skill level 13 in Invocations
 17018 | Lair:5   | Killed Isouggaj's ghost
 17039 | Lair:5   | Identified the Volume of Feathers and Envenoming
 17430 | Lair:6   | Entered Level 6 of the Lair of Beasts
 17827 | Lair:6   | Reached skill level 5 in Dodging
 18423 | Lair:6   | Reached skill level 14 in Invocations
 18426 | Lair:6   | Reached XP level 15. HP: 98/136 MP: 24/24
 18446 | Lair:6   | Identified the Disquisition on Evil and Bewitchment
 19026 | Orc:1    | Entered Level 1 of the Orcish Mines
 19519 | Orc:2    | Entered Level 2 of the Orcish Mines
 19536 | Orc:2    | Found a gate leading to a gauntlet.
 19554 | Gauntlet | Entered a Gauntlet
 19554 | Gauntlet | Found a transporter.
 19554 | Gauntlet | Found a transporter.
 19554 | Gauntlet | Found a transporter.
 19555 | Gauntlet | Found a transporter.
 19559 | Gauntlet | Found a transporter.
 19559 | Gauntlet | Found a transporter.
 19569 | Gauntlet | Found a transporter.
 19573 | Gauntlet | Found a transporter.
 19583 | Gauntlet | Found a transporter.
 19688 | Gauntlet | Found a transporter.
 19691 | Gauntlet | Found a transporter.
 19701 | Gauntlet | Found a transporter.
 19805 | Gauntlet | Identified the +0 pair of boots "Uthow" {rElec rCorr}
 19940 | Gauntlet | Identified the ring "Qiam" {Str+6 Dex+4}
 19963 | Gauntlet | Identified the +5 rapier of Eternal Night {antimagic, Drain
                  | *Slow rF++ rN+ SInv}
 19964 | Gauntlet | Found the +14 obsidian axe {vorpal, Drain Fly SInv}
 19983 | Gauntlet | Hit by a javelin thrown by a minotaur

Illustrated notes

Levels and vault maps discovered:
D:1:      amcnicky_arrival_flooded_fountain, layout_basic,
          wander_ebering_terrifying_dragon_lair
D:2:      layout_loops_ring, shapermc_ecumenical_altar_mp_urbaneastern
D:3:      minmay_razor_zed, layout_basic, lemuel_tele_altar, serial_shops,
          nicolae_shop_waterfront, serial_glass, glass_columns_a,
          glass_columns_a
D:4:      wander_river, layout_rooms, minmay_temple_entry_poolview,
          uniq_menkaure, uniq_blork_the_orc
D:5:      layout_layer_cave, serial_shops, nicolae_shop_trees,
          chequers_serial_rivers_micro_b, chequers_serial_rivers_micro_c,
          minmay_misc_feat_enclosed, minmay_misc_feat_iff
D:6:      layout_loops_ring, jmf_multi_god_temple
D:7:      layout_cave_pools, lemuel_coloured_pillars_altar,
          lightli_temple_of_fire, general_overflow_altar,
          gammafunk_ghost_nasty_kobolds, doesnt_shop_hydraphobe
D:8:      layout_layer_cave, lair_entry_dummy, enter_bailey_4,
          minmay_unpleasant_kobolds, uniq_erica, uniq_joseph, uniq_maurice
D:9:      layout_cave_pools, lightli_orcish_oven
D:10:     layout_rooms, overflow_temple_1_default
D:11:     layout_big_octagon, david_orc_2, serial_glass, glass_columns_a,
          glass_columns_c, glass_columns_a, glass_columns_b, glass_columns_b,
          glass_columns_a, glass_columns_a, glass_columns_a, glass_columns_c,
          glass_columns_a, led_xom_imps, uniq_urug, uniq_harold
D:12:     layout_long_grid, uniq_josephine, uniq_frances
Lair:1:   layout_loops_ring, chequers_serial_rivers_room_a, grunt_megastairs_5,
          serial_bayou_shore_a, uniq_fannar
Lair:2:   layout_chaotic_city
Lair:3:   beast_lair_carwin_large_4, layout_layer_cave,
          nicolae_swamp_entry_splash_gauntlet, uniq_snorg
Lair:4:   layout_regular_city, dummy_spider_entry, basic_altar
Lair:5:   layout_gridlike, minmay_slime_entry_pillars, gammafunk_ghost_cemetery,
          lemuel_another_geyser
Lair:6:   grunt_lair_end_beastmaster, layout_loops_ring, lemuel_fruit_tree,
          serial_bayou_shore_b
Orc:1:    layout_caves, basic_altar, minmay_orc_keep
Orc:2:    st_orc_ogre_mass, layout_diamond_mine, gauntlet_entry_generic
Gauntlet: gammafunk_gauntlet_hard_choice [gammafunk_gauntlet_arena_corners,
          nicolae_gauntlet_swirl, gammafunk_gauntlet_arena_split_diamond,
          gammafunk_gauntlet_arena_teeth, nicolae_gauntlet_arena_flowing_pool,
          nicolae_gauntlet_arena_grate_2, gauntlet_exit_hidden_loot]

Skill      XL: |  1  2  3  4  5  6  7  8  9 10 11 12 13 14 15 |
---------------+----------------------------------------------+-----
Long Blades    | 3 4 5 7 8 9 10 11 12 13 | 13.6
Dodging        | 3 5 6 |  6.2
Stealth        | 3 |  3.1
Invocations    | 1 2 3 4 6 8 11 14 | 14.6
Fighting       | 4 6 8 10 12 13 | 13.6
Armour         | 1 4 6 8 9 |  9.8

Action                   |  1- 3 |  4- 6 |  7- 9 | 10-12 | 13-15 || total
-------------------------+-------+-------+-------+-------+-------++-------
Melee: Falchion          |   129 |    64 |       |       |       ||   193
       Dagger            |       |   142 |    38 |       |       ||   180
       Great sword       |       |       |   154 |   416 |   812 ||  1382
       Scimitar          |       |       |       |    10 |    40 ||    50
Invok: Minor Destruction |       |       |    75 |    83 |    70 ||   228
       Lesser Servant of |       |       |     3 |    10 |     6 ||    19
       Greater Servant o |       |       |       |     1 |     3 ||     4
Evoke: Wand              |       |       |       |       |     3 ||     3
  Use: Scroll            |     4 |     5 |     6 |     5 |     8 ||    28
       Potion            |       |     1 |       |       |       ||     1
 Stab: Sleeping          |     9 |       |       |       |       ||     9
       Distracted        |       |       |     1 |     1 |     1 ||     3
       Petrified         |       |       |       |       |     7 ||     7
Armor: Ring mail         |    44 |   110 |     6 |       |       ||   160
       Robe              |     1 |       |       |       |       ||     1
       Plate armour      |       |       |   105 |   258 |   602 ||   965
Dodge: Dodged            |    75 |   137 |    85 |   171 |   438 ||   906
       Repelled          |       |       |     2 |     4 |     5 ||    11
       Rpst.: Falchion   |    18 |    13 |       |       |       ||    31
       Great sword       |       |       |    14 |    38 |   100 ||   152
       Scimitar          |       |       |       |       |     1 ||     1

Table legend: (Time is in decaauts)
 A = Elapsed time spent in this place.
 B = Non-inter-level travel time spent in this place.
 C = Inter-level travel time spent in this place.
 D = Time resting spent in this place.
 E = Time spent auto-exploring this place.
 F = Levels seen in this place.
 G = Mean time per level.
                   A        B        C        D        E       F      G
               +--------+--------+--------+--------+--------+-----+--------+
         Total |  19714 |  18803 |    911 |    894 |  14633 |  22 |  896.1 |
       Dungeon |  11094 |  10486 |    608 |    814 |   7964 |  12 |  924.5 |
          Lair |   7497 |   7205 |    292 |      6 |   6102 |   6 | 1249.5 |
  Orcish Mines |    490 |    479 |     11 |      0 |    326 |   2 |  245.0 |
        Bailey |    221 |    221 |      0 |      0 |     64 |   1 |  221.0 |
      Gauntlet |    410 |    410 |      0 |     74 |    176 |   1 |  410.0 |
               +--------+--------+--------+--------+--------+-----+--------+

Top non-repeatable levels by time:
  Lair:3: 1663 daAuts
     D:8: 1643 daAuts
    D:11: 1460 daAuts
  Lair:4: 1365 daAuts
  Lair:6: 1341 daAuts
     D:3: 1319 daAuts
     D:5: 1219 daAuts
  Lair:1: 1108 daAuts
  Lair:5: 1092 daAuts
     D:1: 960 daAuts
  Lair:2: 925 daAuts
     D:4: 886 daAuts
     D:2: 863 daAuts
     D:6: 765 daAuts
    D:10: 721 daAuts
